 Dungeon Crawl Stone Soup version 0.14-a0-1403-g5d3c58f (webtiles) character file.

202 PolkaDot the Ducker (level 5, 0/40 HPs)
             Began as a Vampire Death Knight on Dec 10, 2013.
             Was a Believer of Yredelemnul.
             Succumbed to poison (a potion of poison)
             ... on Level 3 of the Dungeon.
             The game lasted 00:07:32 (2086 turns).

PolkaDot the Ducker (Vampire Death Knight)          Turns: 2086, Time: 00:07:32

HP   0/40        AC  3     Str 12      XL: 5   Next:  4%
MP   4/6         EV 13     Int 18      God: Yredelemnul [**....]
Gold 59          SH  0     Dex 14      Spells:  0 memorised,  4 levels left

rFire  . . .     SeeInvis +     a - +1 short sword
rCold  . . .     Clarity  .     b - +0 leather armour
rNeg   + . .     Conserve .     (no shield)
rPois  .         rCorr    .     (no helmet)
rElec  .         rRot     .     (no cloak)
SustAb . .       Spirit   .     (no gloves)
rMut   .         Warding  .     (no boots)
Saprov . . .     Stasis   .     (no amulet)
                                (no ring)
                                o - ring of see invisible {unknown}

@: brilliant, quite poisoned, slightly resistant to hostile enchantments,
unstealthy
A: fangs 3, see invisible, unbreathing
a: Bat Form, Animate Remains, Recall Undead Slaves, Injury Mirror, Renounce
Religion


You were on level 3 of the Dungeon.
You worshipped Yredelemnul.
Yredelemnul was pleased with you.
You were not thirsty.

You visited 1 branch of the dungeon, and saw 3 of its levels.

You collected 59 gold pieces.

Inventory:

Hand weapons
 a - a +1,+1 short sword (weapon)
Armour
 b - a +0 leather armour (worn)
Scrolls
 c - a scroll of remove curse {unknown}
 f - a scroll of noise {unknown}
 g - a scroll of enchant armour {unknown}
 i - a scroll of curse weapon {unknown}
 n - a scroll of curse armour {unknown}
 p - a scroll of random uselessness {unknown}
Jewellery
 o - a ring of see invisible (left hand) {unknown}
Potions
 e - a potion of agility
 h - a potion of brilliance


   Skills:
 + Level 2.9 Fighting
 - Level 2.1 Short Blades
 - Level 0.7 Armour
 * Level 4.5 Dodging
 - Level 2.4 Invocations


You had 4 spell levels left.
You didn't know any spells.

Dungeon Overview and Level Annotations

Branches:
Dungeon (3/16)

Altars:
Fedhas
Sif Muna


Innate Abilities, Weirdness & Mutations

You have razor-sharp teeth.*
You have supernaturally acute eyesight.
You can survive without breathing.*


Message History

It has a very clean taste.
Your slimy green scales disappear.
It was a potion of cure mutation.
* * * LOW HITPOINT WARNING * * *
You feel sick.
Your bat zombie closely misses the kobold.
The gnoll closely misses you.
Your hobgoblin zombie hits the gnoll shaman but does no damage.
Your bat zombie barely misses the kobold.
The gnoll shaman invokes the aid of its god against you.
You resist.
The kobold hits your bat zombie with an uncursed dagger.
Your bat zombie is destroyed!
Unknown command.
Unknown command.
Unknown command.
Unknown command.
Unknown command.
You die...
Yredelemnul claims you as an undead slave.

####### ###
##.....#######.##
#####....#...zzzz...#
......#....#######.####
........#### #.......#
.###.##########.##.##.#
.###.## #..K((.@.....#
....z.##.....##.z#....#
...#..##.... #gg###..#
...#..##... .$... ....
......##.. ##..#.#..##
..>##.# . ........
...##.# ..###.##
......# ##.# #.#
.###### ..# #.#


You could see a gnoll shaman, a gnoll, a kobold and a friendly hobgoblin zombie.

Vanquished Creatures
  Jessica (D:2)
  2 gnolls (D:3)
  3 adders (D:2)
  4 ball pythons
  4 giant cockroaches
  8 hobgoblins
  4 jackals (D:2)
  9 kobolds
  A quokka (D:2)
  6 bats
  3 giant geckos
  3 giant newts
  9 goblins
  4 rats
61 creatures vanquished.

Vanquished Creatures (collateral kills)
  An adder (D:2)
  A worm (D:2)
  A giant gecko (D:3)
  2 bats (D:2)
  A goblin (D:3)
  A kobold (D:3)
  A quokka (D:3)
  A rat (D:2)
9 creatures vanquished.

Vanquished Creatures (others)
  A bat skeleton (D:3)
  A bat zombie (D:3)
  A giant gecko zombie (D:3)
  A goblin skeleton (D:2)
  A goblin zombie (D:3)
  A jackal zombie (D:2)
  A kobold skeleton (D:2)
  A rat zombie (D:3)
8 creatures vanquished.

Grand Total: 78 creatures vanquished

Notes
Turn   | Place    | Note
--------------------------------------------------------------
     0 | D:1      | PolkaDot, the Vampire Death Knight, began the quest for the Orb.
     0 | D:1      | Reached XP level 1. HP: 16/16 MP: 1/1
   378 | D:1      | Reached XP level 2. HP: 20/22 MP: 2/2
   885 | D:1      | Reached XP level 3. HP: 24/27 MP: 4/4
   917 | D:2      | Reached skill level 3 in Dodging
   937 | D:2      | Gained mutation: You are partially covered in slimy green scales (AC +2). [potion of beneficial mutation]
   956 | D:2      | Acquired Yredelemnul's second power
  1173 | D:2      | Noticed Jessica
  1179 | D:2      | Killed Jessica
  1179 | D:2      | Reached XP level 4. HP: 27/34 MP: 5/5
  1187 | D:2      | Reached skill level 4 in Dodging
  1203 | D:2      | Found a blossoming altar of Fedhas.
  1678 | D:2      | Found a deep blue altar of Sif Muna.
  2076 | D:3      | Reached XP level 5. HP: 30/40 MP: 3/6
  2084 | D:3      | HP: 2/40 [poison (a potion of poison)]
  2085 | D:3      | Lost mutation: You are partially covered in slimy green scales (AC +2). [potion of cure mutation]
  2086 | D:3      | Succumbed to poison (a potion of poison)

Action                   |  1- 3 |  4- 6 || total
-------------------------+-------+-------++-------
Melee: Short sword       |   147 |   111 ||   258
Invok: Animate Remains   |     9 |    14 ||    23
  Use: Potion            |     6 |     3 ||     9
